 Dungeon Crawl Stone Soup version 0.22.1-2-g9c5b331 (webtiles) character file.

509 Harpaggios the Charmwright (level 7, -1/56 HPs)
             Began as a Gnoll Skald on Dec 25, 2018.
             Slain by a mummy (13 damage)
             ... in an ossuary.
             The game lasted 00:16:59 (2838 turns).

Harpaggios the Charmwright (Gnoll Skald)            Turns: 2838, Time: 00:16:59

Health: -1/56      AC:  5    Str: 14    XL:     7   Next: 19%
Magic:  11/15      EV: 15    Int: 15    God:
Gold:   156        SH:  0    Dex: 16    Spells: 12/17 levels left

rFire    . . .     SeeInvis .   a - +1 falchion
rCold    + . .     Gourm    .   (no shield)
rNeg     . . .     Faith    .   g - +2 leather armour {rC+}
rPois    .         Spirit   .   (no helmet)
rElec    .         Reflect  .   (no cloak)
rCorr    .         Harm     .   (no gloves)
MR       .....                  (no boots)
Stlth    +.........             (no amulet)
HPRegen  0.18/turn              (no ring)
MPRegen  0.14/turn              (no ring)

@: very slow
A: distributed training, fangs 1, strong nose
a: no special abilities


You were in an ossuary.
You were not hungry.

You visited 1 branch of the dungeon, and saw 4 of its levels.
You also visited: Ossuary.

You collected 156 gold pieces.

Inventory:

Hand Weapons
 a - a +1 falchion (weapon)
Armour
 g - a +2 leather armour of cold resistance (worn)
 h - a +1 ring mail of cold resistance
 m - a +1 pair of gloves
Wands
 l - a wand of paralysis (13)
Scrolls
 b - a scroll of teleportation
 c - a scroll of fog
 e - a scroll of enchant armour
 i - a scroll of blinking
 k - a scroll of enchant weapon
Potions
 f - a potion of resistance
 n - a potion of haste {unknown}
Comestibles
 d - 4 rations
 j - 5 chunks of flesh


   Skills:
 + Level 5.1 Fighting
 + Level 2.2 Short Blades
 + Level 5.1 Long Blades
 + Level 2.2 Axes
 + Level 2.2 Maces & Flails
 + Level 2.2 Polearms
 + Level 2.2 Staves
 + Level 2.2 Slings
 + Level 2.2 Bows
 + Level 2.2 Crossbows
 + Level 2.2 Throwing
 + Level 3.4 Armour
 + Level 5.1 Dodging
 + Level 2.2 Stealth
 + Level 2.2 Shields
 + Level 2.2 Unarmed Combat
 + Level 5.5 Spellcasting
 + Level 1.8 Conjurations
 + Level 1.8 Hexes
 + Level 5.7 Charms
 + Level 1.8 Summonings
 + Level 1.8 Necromancy
 + Level 1.8 Translocations
 + Level 1.8 Transmutations
 + Level 1.8 Fire Magic
 + Level 1.8 Ice Magic
 + Level 1.8 Air Magic
 + Level 1.8 Earth Magic
 + Level 1.8 Poison Magic
 + Level 2.5 Invocations
 + Level 2.2 Evocations


You had 12 spell levels left.
You knew the following spells:

 Your Spells              Type           Power        Failure   Level  Hunger
a - Infusion              Chrm           ###.         1%          1    None
b - Song of Slaying       Chrm           ###.....     2%          2    #......
c - Shroud of Golubria    Chrm/Tloc      ###.......   6%          2    #......

Your spell library contained the following spells:

 Spells                   Type           Power        Failure   Level  Hunger
 Regeneration             Chrm/Necr      ###.......   12%         3    ###....
 Spectral Weapon          Hex/Chrm       ###.....     12%         3    ###....


Dungeon Overview and Level Annotations

Branches:
Dungeon (4/15)
 Temple: D:4-7

Altars:
Elyvilon
Gozag
Uskayaw


Innate Abilities, Weirdness & Mutations

Your experience applies equally to all skills.
You have very sharp teeth.
Your uncanny sense of smell can sniff out nearby items.


Message History

Your unstable footing causes you to fumble your attack.
The mummy closely misses you.
Your unstable footing causes you to fumble your attack.
The mummy hits you!
* * * LOW HITPOINT WARNING * * *
Unknown command.
Casting: Shroud of Golubria (safe; 6% risk of failure)
Confirm with . or Enter, or press ? or * to list all spells.
Space distorts slightly along a thin shroud covering your body.
You feel yourself speed up.
Your shroud bends the mummy's attack away!
Your unstable footing causes you to fumble your attack.
You hit the mummy.
The mummy is lightly damaged.
Your shroud bends the mummy's attack away.
You hit the mummy.
The mummy is moderately damaged.
Your unstable footing causes you to fumble your attack.
The mummy hits you!
You die...

#.#
∆∆∆#.'
∆∆∆'.#
∆∆∆#.'
#.# +.+
#####.#
∆∆∆
#∩..#.+
∆∆∆
#.∩.@M###
∆∆∆
#...#≈'.#
#####≈###
.≈≈≈
.≈.#+#≈
.≈P≈M ≈#
##≈# #
#≈# ##


You could see a mummy.

Vanquished Creatures
  An ogre (D:4)
  A bullfrog (D:3)
  A bullfrog zombie (Ossuary)
  3 orc wizards (D:3)
  Terence (D:2)
  Jessica (D:2)
  2 mummies (Ossuary)
  Robin (D:2)
  3 adders (D:3)
  A shadow imp (D:3)
  An ooze (D:1)
  2 worms
  A dart slug (D:3)
  4 leopard geckos
  5 orcs (D:3)
  6 bats
  2 giant cockroaches (D:1)
  16 goblins
  8 hobgoblins
  16 jackals
  5 kobolds
  A ball python (D:3)
  4 frilled lizards
  7 rats
93 creatures vanquished.

Notes
Turn   | Place    | Note
-------+----------+-------------------------------------------
     0 | D:1      | Harpaggios the Gnoll Skald began the quest for the Orb.
     0 | D:1      | Reached XP level 1. HP: 20/20 MP: 6/6
    56 | D:1      | Reached XP level 2. HP: 23/26 MP: 0/7
   277 | D:1      | Reached XP level 3. HP: 30/31 MP: 3/9
   292 | D:1      | Reached skill level 5 in Spellcasting
   822 | D:2      | Noticed Jessica
   824 | D:2      | Killed Jessica
   824 | D:2      | Reached skill level 1 in Short Blades
   824 | D:2      | Reached skill level 1 in Axes
   824 | D:2      | Reached skill level 1 in Maces & Flails
   824 | D:2      | Reached skill level 1 in Polearms
   824 | D:2      | Reached skill level 1 in Staves
   824 | D:2      | Reached skill level 1 in Slings
   824 | D:2      | Reached skill level 1 in Bows
   824 | D:2      | Reached skill level 1 in Crossbows
   824 | D:2      | Reached skill level 1 in Throwing
   824 | D:2      | Reached skill level 1 in Stealth
   824 | D:2      | Reached skill level 1 in Shields
   824 | D:2      | Reached skill level 1 in Unarmed Combat
   824 | D:2      | Reached skill level 1 in Invocations
   824 | D:2      | Reached skill level 1 in Evocations
   824 | D:2      | Reached XP level 4. HP: 38/38 MP: 8/11
  1009 | D:2      | Noticed Terence
  1023 | D:2      | Killed Terence
  1023 | D:2      | Reached skill level 1 in Conjurations
  1023 | D:2      | Reached skill level 1 in Hexes
  1023 | D:2      | Reached skill level 1 in Summonings
  1023 | D:2      | Reached skill level 1 in Necromancy
  1023 | D:2      | Reached skill level 1 in Translocations
  1023 | D:2      | Reached skill level 1 in Transmutations
  1023 | D:2      | Reached skill level 1 in Fire Magic
  1023 | D:2      | Reached skill level 1 in Ice Magic
  1023 | D:2      | Reached skill level 1 in Air Magic
  1023 | D:2      | Reached skill level 1 in Earth Magic
  1023 | D:2      | Reached skill level 1 in Poison Magic
  1171 | D:2      | Learned a level 2 spell: Song of Slaying
  1174 | D:2      | Learned a level 2 spell: Shroud of Golubria
  1237 | D:2      | Found a hide-covered altar of Uskayaw.
  1283 | D:2      | Noticed Robin
  1307 | D:2      | Killed Robin
  1307 | D:2      | Reached XP level 5. HP: 25/43 MP: 0/12
  1467 | D:2      | Found an opulent altar of Gozag.
  1787 | D:3      | Reached XP level 6. HP: 44/50 MP: 0/13
  1973 | D:3      | Reached skill level 5 in Fighting
  1973 | D:3      | Reached skill level 5 in Long Blades
  1973 | D:3      | Reached skill level 5 in Dodging
  2201 | D:3      | Found a white marble altar of Elyvilon.
  2702 | D:4      | Reached XP level 7. HP: 39/56 MP: 7/15
  2713 | D:4      | Found a sand-covered staircase.
  2718 | Ossuary  | Entered an ossuary
  2838 | Ossuary  | Slain by a mummy

Skill      XL: |  1  2  3  4  5  6 |
---------------+-------------------+-----
Spellcasting   | 5 |  5.5
Short Blades   | 1 2 |  2.2
Axes           | 1 2 |  2.2
Maces & Flails | 1 2 |  2.2
Polearms       | 1 2 |  2.2
Staves         | 1 2 |  2.2
Slings         | 1 2 |  2.2
Bows           | 1 2 |  2.2
Crossbows      | 1 2 |  2.2
Throwing       | 1 2 |  2.2
Stealth        | 1 2 |  2.2
Shields        | 1 2 |  2.2
Unarmed Combat | 1 2 |  2.2
Invocations    | 1 2 |  2.5
Evocations     | 1 2 |  2.2
Conjurations   | 1 |  1.8
Hexes          | 1 |  1.8
Summonings     | 1 |  1.8
Necromancy     | 1 |  1.8
Translocations | 1 |  1.8
Transmutations | 1 |  1.8
Fire Magic     | 1 |  1.8
Ice Magic      | 1 |  1.8
Air Magic      | 1 |  1.8
Earth Magic    | 1 |  1.8
Poison Magic   | 1 |  1.8
Armour         | 3 |  3.4
Fighting       | 5 |  5.1
Long Blades    | 5 |  5.1
Dodging        | 5 |  5.1
Charms         | |  5.7

Action                   |  1- 3 |  4- 6 |  7- 9 || total
-------------------------+-------+-------+-------++-------
Melee: Falchion          |    46 |   157 |    21 ||   224
       Bite              |     3 |    14 |     2 ||    19
 Cast: Infusion          |     6 |    16 |     2 ||    24
       Song of Slaying   |       |     2 |       ||     2
       Shroud of Golubri |       |     6 |     2 ||     8
  Use: Scroll            |     5 |     4 |       ||     9
       Potion            |       |     4 |       ||     4
 Stab: Sleeping          |     1 |     3 |       ||     4
  Eat: Chunk             |       |     5 |     2 ||     7
Armor: Leather armour    |     7 |    26 |     1 ||    34
Dodge: Dodged            |    27 |   104 |     9 ||   140
       Rpst.: Falchion   |    10 |    36 |     3 ||    49
